 Dungeon Crawl Stone Soup version 0.29-a0-221-gceb61267dd (webtiles) character file.

Game seed: 17819086245914036819

1171 timneilson the Covered (level 8, -1/48 HPs)
             Began as a Gargoyle Fighter on Feb 26, 2022.
             Slain by an ogre
             ... wielding a +0 giant club
              (5 damage)
             ... on level 6 of the Dungeon.
             The game lasted 00:08:09 (4552 turns).

timneilson the Covered (Gargoyle Fighter)           Turns: 4552, Time: 00:08:10

Health: -1/48      AC: 17    Str: 22    XL:     8   Next: 41%
Magic:  8/8        EV: 12    Int:  9    God:
Gold:   189        SH:  8    Dex: 15    Spells: 7/7 levels left

rFire   . . .      SeeInvis .   a - +1 long sword
rCold   . . .      Faith    .   n - +2 buckler
rNeg    + . .      Spirit   .   d - +0 chain mail
rPois   ∞          Reflect  .   (no helmet)
rElec   +          Harm     .   (no cloak)
rCorr   .          Rampage  .   (no gloves)
Will    .....                   f - +0 pair of boots
Stlth   ..........              (no amulet)
HPRegen 0.16/turn               h - +4 ring of evasion
MPRegen 0.11/turn               l - +6 ring of dexterity

@: no status effects
A: sickness immunity, AC +5, negative energy resistance 1, electricity
resistance, torment resistance 1, petrification resistance
a: no special abilities


You were on level 6 of the Dungeon.
You visited 1 branch of the dungeon, and saw 6 of its levels.
You also visited: Sewer.

You collected 274 gold pieces.
You spent 85 gold pieces at shops.

Inventory:

Hand Weapons
 a - a +1 long sword (weapon)
Armour
 d - a +0 chain mail (worn)
 f - a +0 pair of boots (worn)
 n - a +2 buckler (worn)
Jewellery
 h - a +4 ring of evasion (left hand)
 k - a ring of protection from fire
 l - a +6 ring of dexterity (right hand)
Wands
 p - a wand of polymorph (5)
 q - a wand of mindburst (13)
Scrolls
 b - 2 scrolls of fog
 e - a scroll of enchant weapon
 m - a scroll of blinking
 r - 4 scrolls of identify
Potions
 c - a potion of cancellation {unknown}
 i - 2 potions of resistance
 j - a potion of mutation
 o - 4 potions of curing


   Skills:
 + Level 4.8 Fighting
 * Level 4.5 Long Blades
 * Level 6.2 Armour
 + Level 2.5 Dodging
 * Level 6.1 Shields
 + Level 1.6 Evocations


You had 7 spell levels left.
You didn't know any spells.
Your spell library contained the following spells:

 Spells                   Type           Power      Damage    Failure   Level
 Shock                    Conj/Air       0%         1d3       98%         1
 Swiftness                Air            0%         N/A       100%        3
 Airstrike                Air            0%         N/A       100%        4
 Freezing Cloud           Conj/Ice/Air   0%         6-21      100%        5
 Simulacrum               Ice/Necr       0%         N/A       100%        6
 Polar Vortex             Ice            0%         N/A       100%        9


Dungeon Overview and Level Annotations

Branches:
Dungeon (6/15)              Sewer (visited)
 Temple: D:4-7

Altars:
Fedhas
Zin

Shops:
D:2 [   D:4 [*   D:6 [


Innate Abilities, Weirdness & Mutations

You are immune to sickness and miasma.
Your stone body is resilient. (AC +5)
You are immune to poison.
You resist negative energy. (rN+)
You are resistant to electric shocks. (rElec)
You are resistant to unholy torment.
You are immune to petrification.


Message History

There is a stone staircase leading up here.
There is an entrance to Guocuome's Antique Armour Shop here.
There is a stone staircase leading up here.
r - 4 scrolls of identify (gained 1)
An adder comes into view.
You slash the adder!
You kill the adder!
Found 21 stones.
You now have 189 gold pieces (gained 12).
Found a trident.
You see here 21 stones.
An ogre comes into view. It is wielding a +0 giant club.
Found a ring mail.
The ogre shouts!
You barely miss the ogre. You block the ogre's attack.
You hit the ogre.
The ogre is lightly wounded.
A phantom comes into view.
The ogre barely misses you.
You hit the ogre.
The ogre is moderately wounded.
The ogre hits you with a +0 giant club!!
You hit the ogre but do no damage.
The ogre is moderately wounded.
The ogre misses you.
You hit the ogre.
The ogre is heavily wounded.
You block the ogre's attack.
You hit the ogre.
The ogre is heavily wounded.
The ogre hits you with a +0 giant club!!
Ouch! That really hurt!
* * * LOW HITPOINT WARNING * * *
You hit the ogre.
The ogre is severely wounded.
You block the ogre's attack.
You closely miss the ogre.
The ogre is severely wounded.
The ogre hits you with a +0 giant club.
You die...

#.# .. #.. .# .# #.# [.
.# #.# .. .# #.# .# .#
#.# .# .##############.#
.####..
.............##.##.......
...........(....@OW......
######.......##.###......
#........#.# ..#..
#.......)#.# .#
#..........# ..
#........... .. ##
#########..## . .# #...
.#


You could see a phantom and an ogre.

Vanquished Creatures
  A water moccasin (Sewer)
  A necrophage (D:5)
  2 ogres
  2 centaurs (D:5)
  5 scorpions
  A howler monkey (D:4)
  A hound (D:5)
  A jelly (D:2)
  2 iguanas (D:5)
  2 orc wizards (D:4)
  8 adders
  A shadow imp (D:6)
  A white imp (D:5)
  2 worms
  3 dart slugs
  4 orcs
  A ball python (D:3)
  7 bats
  5 endoplasms
  2 giant cockroaches
  6 hobgoblins
  4 jackals
  4 quokkas
  3 frilled lizards
  2 goblins
  6 kobolds
  4 rats
81 creatures vanquished.

Vanquished Creatures (others)
  An ogre (D:5)
1 creature vanquished.

Grand Total: 82 creatures vanquished

Notes
Turn   | Place    | Note
-------+----------+-------------------------------------------
     0 | D:1      | timneilson the Gargoyle Fighter began the quest for the
                  | Orb.
     0 | D:1      | Reached XP level 1. HP: 14/14 MP: 1/1
    53 | D:1      | Found a faded altar of an unknown god.
   430 | D:1      | Reached XP level 2. HP: 19/19 MP: 2/2
   723 | D:2      | Reached XP level 3. HP: 20/23 MP: 3/3
   834 | D:2      | Reached XP level 4. HP: 19/28 MP: 4/4
  1070 | D:2      | Found Huegask's Antique Armour Shoppe.
  1758 | D:3      | Found a glowing silver altar of Zin.
  1876 | D:3      | Identified the +3 hand axe of Fedhas's Indignation {vorpal,
                  | rN+ Str+6}
  1981 | D:3      | Reached skill level 1 in Dodging
  2300 | D:4      | Noticed an ogre
  2309 | D:4      | Killed an ogre
  2310 | D:4      | Reached XP level 5. HP: 17/33 MP: 5/5
  2324 | D:4      | Reached XP level 6. HP: 22/38 MP: 6/6
  2557 | D:4      | Found Zopa's Antique Armour Shoppe.
  2616 | D:2      | Bought a chain mail for 85 gold pieces
  2803 | D:4      | Found Weotsenn's Lightly-Used Armoury.
  3197 | D:5      | Entered Level 5 of the Dungeon
  3252 | D:5      | Found a glowing drain.
  3256 | Sewer    | Entered a sewer
  3311 | Sewer    | Noticed a water moccasin
  3322 | Sewer    | Killed a water moccasin
  3323 | Sewer    | Reached skill level 5 in Armour
  3323 | Sewer    | Reached skill level 5 in Shields
  3458 | D:5      | Reached XP level 7. HP: 37/43 MP: 7/7
  3737 | D:5      | Reached skill level 1 in Evocations
  3815 | D:5      | Reached XP level 8. HP: 39/48 MP: 8/8
  4096 | D:5      | Found a blossoming altar of Fedhas.
  4424 | D:6      | Found Guocuome's Antique Armour Shop.
  4552 | D:6      | Slain by an ogre

Illustrated notes

Levels and vault maps discovered:
D:1:      minmay_arrival_diagonal_passages, layout_rooms,
          shapermc_ecumenical_altar_ellora
D:2:      layout_basic, serial_shops, shop
D:3:      layout_rooms, mainiacjoe_overflow_concentric_impassable
D:4:      layout_loops_ring, serial_shops, shop, minmay_shop_damaged
D:5:      layout_cave_pools, mainiacjoe_overflow_alcove_4, gup_sewer_entry_bowl,
          st_stairs_3, minmay_between
D:6:      layout_basic, serial_shops, nicolae_stop_n_shop_2,
          small_statue_intersection, serial_bayou_pond_e

Skill      XL: |  1  2  3  4  5  6  7  8 |
---------------+-------------------------+-----
Long Blades    | 2 3 4 |  4.5
Shields        | 4 5 6 |  6.1
Armour         | 4 5 6 |  6.2
Dodging        | 1 2 |  2.5
Fighting       | 4 |  4.8
Evocations     | 1 |  1.6

Action                   |  1- 3 |  4- 6 |  7- 9 || total
-------------------------+-------+-------+-------++-------
Melee: Long sword        |    53 |   221 |   129 ||   403
  Use: Scroll            |     3 |    10 |       ||    13
       Potion            |       |     2 |     2 ||     4
 Stab: Invisible         |       |     1 |     4 ||     5
Armor: Scale mail        |    20 |    55 |       ||    75
       Chain mail        |       |    26 |    68 ||    94
       Skin              |       |       |    13 ||    13
Dodge: Dodged            |    48 |   149 |    78 ||   275
Block: Buckler           |    14 |    67 |    65 ||   146

Table legend: (Time is in decaauts)
 A = Elapsed time spent in this place.
 B = Non-inter-level travel time spent in this place.
 C = Inter-level travel time spent in this place.
 D = Time resting spent in this place.
 E = Time spent auto-exploring this place.
 F = Levels seen in this place.
 G = Mean time per level.
                   A        B        C        D        E       F      G
               +--------+--------+--------+--------+--------+-----+--------+
         Total |   4679 |   4515 |    164 |     16 |   3370 |   7 |  668.4 |
       Dungeon |   4521 |   4357 |    164 |     16 |   3278 |   6 |  753.5 |
         Sewer |    158 |    158 |      0 |      0 |     91 |   1 |  158.0 |
               +--------+--------+--------+--------+--------+-----+--------+

Top non-repeatable levels by time:
     D:2: 1169 daAuts
     D:5: 1004 daAuts
     D:4: 971 daAuts
     D:1: 597 daAuts
     D:3: 532 daAuts
     D:6: 245 daAuts
   Sewer: 158 daAuts
